 Dungeon Crawl Stone Soup version 0.29-a0-284-gf9362112df (webtiles) character file.

Game seed: 11742967049553285811

16 Hubjo the Vexing (level 2, 0/21 HPs)
             Began as a Demonspawn Enchanter on Mar 28, 2022.
             Slain by a jackal (1 damage)
             ... on level 1 of the Dungeon.
             The game lasted 00:00:54 (651 turns).

Hubjo the Vexing (Demonspawn Enchanter)              Turns: 651, Time: 00:00:54

Health: 0/21       AC:  2    Str:  8    XL:     2   Next: 37%
Magic:  4/4        EV: 12    Int: 16    God:
Gold:   37         SH:  0    Dex: 13    Spells: 5/5 levels left

rFire   . . .      SeeInvis .   a - +1 dagger
rCold   . . .      Faith    .   (no shield)
rNeg    . . .      Spirit   .   b - +0 robe
rPois   .          Reflect  .   (no helmet)
rElec   .          Harm     .   (no cloak)
rCorr   .          Rampage  .   (no gloves)
Will    .....                   (no boots)
Stlth   ++........              (no amulet)
HPRegen 0.07/turn               (no ring)
MPRegen 0.09/turn               (no ring)

@: no status effects
A: hooves 1, low MP 1, mutation resistance 1
a: no special abilities


You were on level 1 of the Dungeon.
You visited 1 branch of the dungeon, and saw 1 of its levels.

You collected 37 gold pieces.

Inventory:

Hand Weapons
 a - a +1 dagger (weapon)
Armour
 b - a +0 robe (worn)
Scrolls
 d - a scroll of magic mapping {unknown}
 f - a scroll of amnesia {unknown}
Potions
 c - 2 potions of invisibility


   Skills:
 * Level 1.0 Fighting
 - Level 0.8 Short Blades
 - Level 1.7 Dodging
 * Level 3.0 Stealth
 + Level 2.2 Spellcasting
 + Level 3.1 Hexes


You had 5 spell levels left.
You didn't know any spells.
Your spell library contained the following spells:

 Spells                   Type           Power      Damage    Failure   Level
 Ensorcelled Hibernation  Hex/Ice        12%        N/A       16%         2
 Confusing Touch          Hex            11%        N/A       17%         3
 Tukima's Dance           Hex            11%        N/A       17%         3
 Dazzling Flash           Conj/Hex       12%        N/A       32%         3


Dungeon Overview and Level Annotations

Branches:
Dungeon (1/15)

Altars:


Innate Abilities, Weirdness & Mutations

You have large cloven feet.
Your magical capacity is low. (-10% MP)
You are somewhat resistant to further mutation.


Message History

The jackal is heavily wounded.
The jackal bites you.
* * * LOW HITPOINT WARNING * * *
It was a potion of mutation.
You feel extremely strange.
You feel less energetic.
You feel genetically stable.
The jackal bites you but does no damage.
Sorry, you're not good enough to have a special ability.
The jackal attacks as you move away! The jackal barely misses you.
You barely miss the jackal. You kick the jackal.
The jackal is severely wounded.
The jackal completely misses you. The jackal closely misses you.
You barely miss the jackal. You kick the jackal.
You kill the jackal!
Your Stealth skill increases to level 3!
You hit the jackal but do no damage. Your kick misses the jackal.
The jackal misses you. The jackal closely misses you.
You hit the jackal. You kick the jackal, but do no damage.
The jackal is moderately wounded.
The jackal closely misses you. The jackal barely misses you.
The jackal bites you but does no damage.
You hit the jackal but do no damage. Your kick misses the jackal.
The jackal is moderately wounded.
The jackal barely misses you. The jackal bites you.
* * * LOW HITPOINT WARNING * * *
The jackal barely misses you.
You hit the jackal.
The jackal is severely wounded.
The jackal barely misses you.
The jackal bites you but does no damage.
You barely miss the jackal.
The jackal is severely wounded.
The jackal bites you.
* * * LOW HITPOINT WARNING * * *
The jackal completely misses you. The jackal misses you.
You barely miss the jackal.
The jackal is severely wounded.
The jackal barely misses you. The jackal bites you.
* * * LOW HITPOINT WARNING * * *
The jackal bites you.
You die...

## #..# #.# .. #..#
#.# #. #..# #.# #.
#..# ######.### #.
#..# #......... #.
######..# ##.########
##†##.......#
#..........
#.#[†>#.#####.#
#..######..
#.........h@#.####..#
###.#
##....#####h#.......#
#.... #.#.##
#.#####...####.#..
.....
###.###.............
..##...
........#...##......
. ....#
###.####............
###.# #.#
#............ #.
#.####...##.......
...................


You could see 2 jackals.

Vanquished Creatures
  4 endoplasms (D:1)
  A goblin (D:1)
  2 jackals (D:1)
  A quokka (D:1)
  2 ball pythons (D:1)
  2 kobolds (D:1)
  2 rats (D:1)
14 creatures vanquished.

Notes
Turn   | Place    | Note
-------+----------+-------------------------------------------
     0 | D:1      | Hubjo the Demonspawn Enchanter began the quest for the Orb.
     0 | D:1      | Reached XP level 1. HP: 13/13 MP: 3/3
   488 | D:1      | Gained mutation: You have large cloven feet. [demonic
                  | ancestry]
   488 | D:1      | Reached XP level 2. HP: 18/20 MP: 5/5
   630 | D:1      | Reached skill level 1 in Fighting
   642 | D:1      | Gained mutation: Your magical capacity is low. (-10% MP)
                  | [potion of mutation]
   642 | D:1      | Gained mutation: You are somewhat resistant to further
                  | mutation. [potion of mutation]
   651 | D:1      | HP: 1/21 [jackal (1)]
   651 | D:1      | Slain by a jackal

Illustrated notes

Levels and vault maps discovered:
D:1:      minmay_arrival_four_houses, layout_loops_ring,
          ebering_ecumenical_altar_abandoned, minivault_27

Skill      XL: |  1  2 |
---------------+-------+-----
Fighting       | 1 |  1.0
Stealth        | 3 |  3.0
Short Blades   | |  0.8
Dodging        | |  1.7
Spellcasting   | |  2.2
Hexes          | |  3.1

Action                   || total
-------------------------++-------
Melee: Dagger            ||    54
       Kick              ||     6
  Use: Potion            ||     1
 Stab: Sleeping          ||     2
Armor: Robe              ||     8
Dodge: Dodged            ||    55

Table legend: (Time is in decaauts)
 A = Elapsed time spent in this place.
 B = Non-inter-level travel time spent in this place.
 C = Inter-level travel time spent in this place.
 D = Time resting spent in this place.
 E = Time spent auto-exploring this place.
 F = Levels seen in this place.
 G = Mean time per level.
                   A        B        C        D        E       F      G
               +--------+--------+--------+--------+--------+-----+--------+
         Total |    648 |    648 |      0 |      0 |    545 |   1 |  648.0 |
       Dungeon |    648 |    648 |      0 |      0 |    545 |   1 |  648.0 |
               +--------+--------+--------+--------+--------+-----+--------+

Top non-repeatable levels by time:
     D:1: 648 daAuts
